 Dungeon Crawl Stone Soup version 0.29-a0-919-gd064cfad1c (webtiles) character file.

Game seed: 13735532572490443201

75053 RBrandon the Spry (level 15, -26/99 HPs)
             Began as a Djinni Chaos Knight on July 26, 2022.
             Annihilated by Erolcha
             ... wielding a +0 giant club
              (31 damage)
             ... on level 1 of the Orcish Mines.
             The game lasted 01:06:28 (23384 turns).

RBrandon the Spry (Djinni Chaos Knight)            Turns: 23384, Time: 01:06:29

Health: -26/99     AC: 12    Str: 11    XL:     15   Next: 96%
Gold:   1961       EV: 22    Int: 19    God:
                   SH:  0    Dex: 19

rFire   + + .      SeeInvis .   K - +2 eveningstar
rCold   . . .      Faith    +   (no shield)
rNeg    . . .      Spirit   .   F - +0 acid dragon scales
rPois   ∞          Reflect  .   (helmet restricted)
rElec   +          Harm     .   y - +2 cloak
rCorr   +          Rampage  .   u - +1 pair of gloves of the Poles {rElec rC+ Stlth+}
Will    +....      Clarity  +   (boots unavailable)
Stlth   +++....... Rnd*Tele +   w - amulet of faith
HPRegen 0.26/turn               t - +6 ring of dexterity
MPRegen 0.00/turn               B - ring of resist corrosion

@: flying, unable to read, unable to drink
A: sickness immunity, fire resistance 2, cold vulnerability 1, float, innate
caster, HP casting, extra vitality 1, antennae 1, clarity, clumsy 1, frail 1,
teleportitis 1, evolution 1, inability to drink while threatened 2, inability to
read while threatened 1, sturdy frame 1
a: no special abilities


You were on level 1 of the Orcish Mines.
You visited 3 branches of the dungeon, and saw 17 of its levels.
You also visited: Bailey and Volcano.

You collected 2086 gold pieces.
You donated 125 gold pieces to Zin.

Inventory:

Hand Weapons
 K - a +2 eveningstar (weapon)
Armour
 b - a +2 leather armour
 d - +0 steam dragon scales
 q - a +2 buckler
 u - the +1 pair of gloves of the Poles (worn) {rElec rC+ Stlth+}
   (You acquired it on level 4 of the Lair of Beasts)

   rC:        It protects you from cold.
   rElec:     It insulates you from electricity.
   Stlth:     It makes you more stealthy.
 y - a +2 cloak (worn)
 F - +0 acid dragon scales (worn)
 O - a +0 helmet
Magical Staves
 g - a staff of fire
 G - a staff of cold
Jewellery
 r - a ring of positive energy
 t - a +6 ring of dexterity (left hand)
 w - an amulet of faith (around neck)
 B - a ring of resist corrosion (right hand)
Wands
 a - a wand of paralysis (7)
 p - a wand of acid (5)
Scrolls
 f - 4 scrolls of magic mapping
 i - 2 scrolls of blinking
 l - a scroll of acquirement
 s - a scroll of fear
 A - 6 scrolls of teleportation
 E - 4 scrolls of identify
 H - 2 scrolls of immolation
 L - a scroll of enchant armour
 N - 3 scrolls of poison
 Q - a scroll of vulnerability
Potions
 e - 5 potions of ambrosia
 h - 7 potions of might
 m - a potion of resistance {unknown}
 n - 3 potions of haste
 o - 5 potions of lignification
 v - 3 potions of curing
 x - 3 potions of attraction {unknown}
 z - a potion of cancellation {unknown}
 D - 3 potions of berserk rage {unknown}
 I - a potion of magic {unknown}
 J - 4 potions of heal wounds
 S - a potion of invisibility
Miscellaneous
 c - a piece from Xom's chessboard (15/15)
 j - a box of beasts (inert)
 k - a condenser vane (inert)


   Skills:
 - Level 11.2 Fighting
 - Level 4.7 Long Blades
 - Level 10.1 Maces & Flails
 - Level 4.9 Armour
 - Level 15.1 Dodging
 - Level 12.4 Spellcasting
 + Level 3.4 Invocations


You had 15 spell levels left.
You knew the following spells:

 Your Spells              Type           Power      Damage    Failure   Level
a - Shock                 Conj/Air       100%       1d9       1%          1
b - Blink                 Tloc           100%       N/A       1%          2
c - Scorch                Fire           100%       2d10      1%          2
d - Swiftness             Air            56%        N/A       1%          3
e - Summon Lightning Spi  Summ/Air       56%        N/A       1%          4
f - Yara's Violent Unrav  Hex/Tmut       28%        3d12      1%          5
g - Simulacrum            Ice/Necr       28%        N/A       6%          6
Your spell library was empty.

Dungeon Overview and Level Annotations

Branches:
Dungeon (11/15)            Temple (0/1) D:5            Lair (5/5) D:8
 Shoals (0/4) Lair:3        Snake (0/4) Lair:3        Slime (0/5) Lair:5
    Orc (1/2) D:9          Bailey (visited)         Volcano (visited)

Altars:
Gozag
Makhleb
Ru
Uskayaw
Wu Jian
Xom
Zin

Annotations:
D:2 1 runed translucent door, Crazy Yiuf
D:4 1 runed translucent door, Yogidamonk's ghost, amateur MiHu
D:9 exclusion: two-headed ogre
Lair:1 exclusion: 3 oklob plants
Lair:5 1 runed translucent door
Orc:1 Erolcha


Innate Abilities, Weirdness & Mutations

You are immune to sickness and miasma.
You are immune to poison.
Your flesh is very heat resistant. (rF++)
You are vulnerable to cold. (rC-)
You float through the air rather than walking.
You learn spells naturally, not from books.
Your magical power is your life essence.
You have superior vitality. (+4 MHP)
You have a pair of small antennae on your head.
You possess an exceptional clarity of mind.
You are clumsy. (Dex -2)
You are frail. (-10% HP)
You are occasionally teleported next to monsters.
You have hidden genetic potential.
You sometimes lose the ability to drink potions when taking damage.
You occasionally lose the ability to read scrolls when taking damage.
Your movements are slightly less encumbered by armour. (ER -2)


Message History

Press: ? - help, Shift-Dir - straight line, p - orc warrior The bolt of acid hits something!
The acid corrodes something!
Your larval stingox beast barely misses the orc warrior.
The orc warrior barely misses you. Something closely misses you.
You cannot drink potions in your current state!
Aiming: Corrosive Bolt
Press: ? - help, Shift-Dir - straight line The bolt of acid hits the orc warrior.
The acid corrodes the orc warrior!
The orc warrior is lightly wounded.
Something hits you.
* * * LOW HITPOINT WARNING * * *
The orc warrior hits you with a +0 trident.
* * * LOW HITPOINT WARNING * * *
Your larval stingox beast stings the orc warrior from afar.
Aiming: Corrosive Bolt
Press: ? - help, Shift-Dir - straight line, f - orc warrior
Aim: an orc warrior, wielding a +0 arbalest and wearing a +0 chain mail (severely wounded, misshapen and mutated, 68% to hit)
The bolt of acid hits something!
Something seems to be corroded for longer.
The bolt of acid hits the orc warrior!!
You kill the orc warrior!
Something closely misses you. Something barely misses you.
The orc warrior closely misses you.
Your larval stingox beast stings the orc warrior from afar.
You thump the orc warrior!
The orc warrior is severely wounded.
Something hits you but does no damage. The orc warrior barely misses you.
Your larval stingox beast stings the orc warrior from afar.
You hear some strange, mumbled words.
Something tries to affect you, but you resist.
You catch the helpless orc warrior completely off-guard!
You sock the orc warrior!
The orc warrior is almost dead.
You can read scrolls again.
Something hits you but does no damage. The orc warrior barely misses you.
Your larval stingox beast misses the orc warrior.
Something hits you!!
You feel threatened and lose the ability to read scrolls!
You die...
Xom howls with laughter!

........#...[#.### ..#
.....><.#........## ...##
....o.......o..o..# ....#
.....$............##.....
..........$.o#.#....#...#
$o...$...................
.....#......#..##...##..
....#......#..{##oo.##
.#.. .........##@{{H.#
.....# ##{#.#.# ....
####.... .#. #.... #.##
#.# ..


You could see an orc warrior (corroded, ally target), an orc wizard and a
friendly larval stingox beast (summoned).

Vanquished Creatures
  An ice dragon (Lair:5)
  A boulder beetle (Lair:4)
  A hydra (Lair:5)
  A catoblepas (Lair:4)
  An alligator (Lair:3)
  8 death yaks
  A steelbarb worm (Lair:5)
  A lindwurm (Lair:5)
  2 orc sorcerers (Orc:1)
  2 cyclopes (D:11)
  An ugly thing (D:11)
  5 black mambas
  A molten gargoyle (Volcano)
  19 elephants
  3 gargoyles
  A cane toad (shapeshifter) (Lair:3)
  11 cane toads
  Maggie (D:6)
  2 torpor snails (Lair:5)
  A rime drake (Lair:1)
  An unseen horror (D:10)
  3 komodo dragons
  A polar bear (shapeshifter) (D:9)
  A wind drake (Lair:3)
  Prince Ribbit (D:5)
  6 hornets
  A polar bear (Lair:2)
  15 blink frogs
  9 wyverns
  Grum (D:10)
  3 basilisks
  A fire bat (Volcano)
  22 yaks
  A vampire mosquito (D:10)
  Menkaure (D:5)
  A steam dragon (D:7)
  A warg (D:8)
  2 acid dragons
  Edmund (D:5)
  A hell hound (Volcano)
  20 water moccasins
  An ice beast (D:6)
  7 orc warriors
  A black bear (D:7)
  3 ogres
  9 wolves
  A phantom (D:5)
  A kobold brigand (D:6)
  2 scorpions
  10 bullfrogs
  A necrophage (D:5)
  9 wights
  15 killer bees
  3 howler monkeys
  5 lava snakes (Volcano)
  2 orc priests
  5 hounds
  2 jellies (D:5)
  A gnoll bouda (D:6)
  2 iguanas
  6 orc wizards
  7 adders
  7 gnolls
  A white imp (D:6)
  An ufetubus (D:6)
  6 worms
  7 dart slugs
  34 orcs
  4 bats
  5 endoplasms
  8 giant cockroaches
  4 hobgoblins
  2 quokkas
  8 ball pythons
  8 frilled lizards
  10 goblins
  26 kobolds
  5 rats (D:1)
386 creatures vanquished.

Vanquished Creatures (collateral kills)
  A fenstrider witch (Lair:5)
  An entropy weaver (Lair:5)
  A two-headed ogre (D:10)
  5 death yaks
  An orc high priest (Orc:1)
  A hell knight (Volcano)
  Amaemon (D:9)
  A lindwurm (Lair:5)
  A wolf spider (Lair:5)
  An oklob plant (Lair:2)
  An ugly thing (Volcano)
  A manticore (Lair:3)
  16 elephants
  3 black mambas (Lair:5)
  A guardian serpent (Lair:5)
  A gargoyle (D:7)
  6 cane toads
  A smoke demon (Volcano)
  2 torpor snails (Lair:5)
  An orange demon (D:9)
  2 kobold demonologists (D:11)
  4 komodo dragons
  2 red devils (Volcano)
  2 tyrant leeches (Lair:5)
  5 hornets
  13 blink frogs
  3 wyverns
  21 yaks
  A fire bat (Volcano)
  A basilisk (Lair:5)
  3 redbacks (Lair:5)
  A vampire mosquito (D:10)
  3 nagas (Lair:3)
  2 wargs (D:8)
  An acid dragon (D:10)
  Duvessa (D:7)
  4 water moccasins
  10 orc warriors
  2 black bears (Lair:1)
  A centaur (D:9)
  5 wolves
  4 bullfrogs
  A gnoll sergeant (D:10)
  2 wights (D:7)
  Dowan (D:7)
  6 killer bees
  2 lava snakes (Volcano)
  6 orc priests
  An iguana (D:6)
  4 orc wizards
  5 gnolls
  A shadow imp (D:7)
  A white imp (D:6)
  35 orcs
  3 goblins
  2 kobolds (Bailey)
208 creatures vanquished.

Vanquished Creatures (others)
  A queen bee (Lair:1)
  A yak (D:10)
  An orc (D:10)
  A bush (Lair:3)
  44 fungi
  97 plants
  2 withered plants (D:4)
147 creatures vanquished.

Grand Total: 741 creatures vanquished

Notes
Turn   | Place    | Note
-------+----------+-------------------------------------------
     0 | D:1      | RBrandon the Djinni Chaos Knight began the quest for the
                  | Orb.
     0 | D:1      | Reached XP level 1. HP: 20/20 MP: 0/0
   112 | D:1      | Reached XP level 2. HP: 23/25 MP: 0/0
   326 | D:1      | XOM: potion effect (experience)
   326 | D:1      | Reached skill level 5 in Fighting
   326 | D:1      | Reached skill level 5 in Dodging
   326 | D:1      | Reached XP level 3. HP: 33/33 MP: 0/0
   326 | D:1      | Learned a level 1 spell: Shock
   644 | D:1      | XOM: silly message
   748 | D:1      | Reached XP level 4. HP: 36/39 MP: 0/0
   945 | D:2      | Identified the +1 spear "Fawocuoz" {flame, *Corrode rC+
                  | Str+2 SInv}
  1015 | D:2      | Found a faded altar of an unknown god.
  1229 | D:2      | Found a runed translucent door.
  1230 | D:2      | Noticed Crazy Yiuf
  1390 | D:2      | XOM: cloud trail
  1548 | D:3      | Found a glowing silver altar of Zin.
  1624 | D:3      | Found a burning altar of Makhleb.
  1624 | D:3      | XOM: 6-stop teleportation journey
  1653 | D:3      | Reached XP level 5. HP: 41/43 MP: 0/0
  1653 | D:3      | Learned a level 2 spell: Blink
  1956 | D:3      | Found the +7 staff of the Meek {protect, meekguard}
  2036 | D:3      | XOM: noise
  2328 | D:3      | XOM: cloud trail
  2388 | D:4      | Reached XP level 6. HP: 49/49 MP: 0/0
  2388 | D:4      | XOM: potion effect (brilliance)
  2507 | D:4      | Found a runed translucent door.
  2507 | D:4      | Noticed Yogidamonk's ghost (amateur MiHu)
  2920 | D:4      | Found an ornate altar of the Wu Jian Council.
  3263 | D:5      | Entered Level 5 of the Dungeon
  3265 | D:5      | Found a staircase to the Ecumenical Temple.
  3267 | D:5      | Noticed Edmund
  3282 | D:5      | Killed Edmund
  3283 | D:5      | Reached XP level 7. HP: 25/55 MP: 0/0
  3283 | D:5      | Learned a level 2 spell: Scorch
  3457 | D:5      | XOM: noise
  3774 | D:5      | Noticed Menkaure
  3786 | D:5      | Killed Menkaure
  3944 | D:5      | Noticed a water moccasin
  3953 | D:5      | Killed a water moccasin
  3954 | D:5      | Reached XP level 8. HP: 42/61 MP: 0/0
  4035 | D:5      | XOM: 1-stop teleportation journey
  4036 | D:5      | XOM: silly message
  4106 | D:5      | XOM: silly message
  4286 | D:5      | XOM: silly message
  4386 | D:5      | XOM: silly message
  4403 | D:5      | Noticed Prince Ribbit
  4408 | D:5      | XOM: confuse monster(s)
  4415 | D:5      | Reached skill level 5 in Spellcasting
  4421 | D:5      | Killed Prince Ribbit
  4451 | D:5      | XOM is BORED!
  4451 | D:5      | XOM: noise
  5094 | D:5      | XOM: divination: detect items
  5101 | D:5      | Reached XP level 9. HP: 34/66 MP: 0/0
  5101 | D:5      | Learned a level 3 spell: Swiftness
  5343 | D:6      | Noticed Maggie
  5348 | D:6      | XOM: potion effect (brilliance)
  5350 | D:6      | XOM: cast spell 'Summon Cactus Giant'
  5366 | D:6      | Killed Maggie
  5495 | D:6      | XOM: polymorph shadow imp -> white imp
  5535 | D:6      | Found an opulent altar of Gozag.
  5553 | D:6      | XOM is BORED!
  5553 | D:6      | XOM: summons 5 hostile demons
  5915 | D:6      | XOM: give mutations
  5915 | D:6      | Gained mutation: You are partially covered in iridescent
                  | scales. (AC +2) [Xom's grace]
  5915 | D:6      | Gained mutation: You have hidden genetic potential. [Xom's
                  | grace]
  5915 | D:6      | Gained mutation: Your flesh is almost immune to the effects
                  | of heat. (rF+++) [Xom's grace]
  5923 | D:6      | XOM: fake destruction
  5931 | D:6      | Found a hide-covered altar of Uskayaw.
  6034 | D:6      | Found a sacrificial altar of Ru.
  6087 | D:6      | XOM: 2-stop teleportation journey
  6151 | D:6      | XOM: cloud trail
  6186 | D:6      | Paralysed by you for 5 turns
  6422 | D:7      | Reached XP level 10. HP: 61/72 MP: 0/0
  6456 | D:7      | XOM: god gift: staff of cold
  6604 | D:7      | Noticed Dowan
  6605 | D:7      | Noticed Duvessa
  6608 | D:7      | Killed Dowan
  6609 | D:7      | Killed Duvessa
  6895 | D:7      | Noticed a gargoyle
  6905 | D:7      | XOM: fog
  6906 | D:7      | Killed a gargoyle
  6914 | D:7      | Gained mutation: You possess an exceptional clarity of
                  | mind. [hidden potential]
  6930 | D:7      | XOM: scenery: 3 doors open
  6930 | D:7      | Noticed a gargoyle
  6940 | D:7      | XOM: potion effect (heal wounds)
  6958 | D:7      | Killed a gargoyle
  7007 | D:7      | XOM: scenery: 1 doors close
  7202 | D:7      | Noticed a gargoyle
  7202 | D:7      | XOM: chaos upgrade
  7209 | D:7      | Killed a gargoyle
  7210 | D:7      | Reached skill level 6 in Dodging
  7627 | D:8      | XOM: 3-stop teleportation journey
  7803 | D:8      | You are sucked into a shaft and drop 3 floors!
  7840 | D:10     | Entered Level 10 of the Dungeon
  7876 | D:10     | Killed an unseen horror
  7978 | D:10     | XOM: 2-stop teleportation journey
  7989 | D:10     | XOM: potion effect (curing)
  7993 | D:10     | Noticed a two-headed ogre
  7995 | D:10     | XOM: blink monster(s)
  8003 | D:10     | XOM: chaos upgrade
  8007 | D:10     | Noticed Grum
  8008 | D:10     | XOM: summons 2 hostile demons
  8048 | D:10     | XOM: polymorph goblin -> giant cockroach
  8055 | D:10     | Reached skill level 7 in Dodging
  8067 | D:10     | XOM: fog
  8084 | D:10     | XOM: enchant monster (good)
  8087 | D:10     | XOM: cast spell 'Metabolic Englaciation'
  8101 | D:10     | XOM: summons 2 friendly demons
  8103 | D:10     | XOM: divine lightning
  8109 | D:10     | Reached XP level 11. HP: 39/79 MP: 0/0
  8109 | D:10     | Learned a level 4 spell: Summon Lightning Spire
  8187 | D:10     | XOM: potion effect (heal wounds)
  8207 | D:10     | Found a flagged portal.
  8215 | Bailey   | Entered a bailey
  8315 | Bailey   | Reached skill level 8 in Dodging
  8457 | Bailey   | Gained mutation: You are mostly covered in iridescent
                  | scales. (AC +4) [hidden potential]
  8457 | Bailey   | Lost mutation: You have hidden genetic potential. [hidden
                  | potential expressed]
  8877 | D:10     | XOM: summons friendly shadow imp
  8878 | D:10     | XOM: cast spell 'Summon Small Mammal'
  8884 | D:10     | Killed Grum
  9075 | D:10     | Identified the +8 great mace "Goblinbane" {drain, Fragile
                  | rC+ Int+4 Dex+3}
  9107 | D:10     | XOM: enchant monster (good)
  9119 | D:10     | XOM: enchant monster (good)
  9121 | D:10     | XOM: cleaving
  9128 | D:10     | Killed a two-headed ogre
  9250 | D:10     | XOM: polymorph gnoll sergeant -> killer bee
  9259 | D:10     | Reached skill level 9 in Dodging
  9380 | D:10     | XOM: give mutations
  9380 | D:10     | Gained mutation: You are frail. (-10% HP) [Xom's mischief]
  9380 | D:10     | Gained mutation: You passively dampen the noise of your
                  | surroundings. [Xom's mischief]
  9380 | D:10     | Gained mutation: You are dopey. (Int -2) [Xom's mischief]
  9497 | D:10     | XOM: god gift: fizzy brown potion {god gift}
  9503 | D:10     | XOM: give mutations
  9503 | D:10     | Gained mutation: Armour fits poorly on your strangely
                  | shaped body. [Xom's mischief]
  9503 | D:10     | Lost mutation: You possess an exceptional clarity of mind.
                  | [Xom's mischief]
  9503 | D:10     | Lost mutation: Armour fits poorly on your strangely shaped
                  | body. [Xom's mischief]
  9758 | D:9      | XOM: polymorph yak -> komodo dragon
  9760 | D:9      | XOM: polymorph komodo dragon -> shapeshifter
  9925 | D:9      | XOM: 1-stop teleportation journey
 10294 | D:9      | Found a staircase to the Orcish Mines.
 10353 | D:9      | Noticed Amaemon
 10353 | D:9      | XOM: 6-stop teleportation journey
 10357 | D:9      | XOM: 2-stop teleportation journey
 10375 | D:9      | XOM: cloud trail
 10390 | D:9      | XOM: scenery: create altars
 10504 | D:9      | XOM: god gift: ring mail {god gift}
 10611 | D:9      | XOM: enchant monster (good)
 10658 | D:9      | XOM: divination: detect creatures
 10662 | D:9      | XOM: noise
 10665 | D:9      | Killed Amaemon
 10666 | D:9      | Reached skill level 10 in Dodging
 10719 | D:9      | Noticed a two-headed ogre
 10738 | D:8      | XOM: confuse monster(s)
 10744 | D:8      | Reached XP level 12. HP: 72/81 MP: 0/0
 10848 | D:8      | XOM: give mutations
 10848 | D:8      | Lost mutation: You passively dampen the noise of your
                  | surroundings. [Xom's mischief]
 10848 | D:8      | Lost mutation: You are frail. (-10% HP) [Xom's mischief]
 10848 | D:8      | Lost mutation: Your flesh is almost immune to the effects
                  | of heat. (rF+++) [Xom's mischief]
 10848 | D:8      | Gained mutation: Your movements are slightly less
                  | encumbered by armour. (ER -2) [Xom's mischief]
 10886 | D:8      | XOM: give mutations
 10886 | D:8      | Gained mutation: You possess an exceptional clarity of
                  | mind. [Xom's mischief]
 10886 | D:8      | Lost mutation: You possess an exceptional clarity of mind.
                  | [Xom's mischief]
 10960 | D:8      | XOM: summons friendly shadow imp
 10977 | D:8      | Found a staircase to the Lair.
 10988 | Lair:1   | Entered Level 1 of the Lair of Beasts
 11018 | Lair:1   | XOM: cast spell 'Cause Fear'
 11058 | Lair:1   | XOM: give mutations
 11058 | Lair:1   | Lost mutation: You are dopey. (Int -2) [Xom's grace]
 11058 | Lair:1   | Gained mutation: You have a somewhat thin skeletal
                  | structure. (Dex +2, Stealth+) [Xom's grace]
 11058 | Lair:1   | Gained mutation: You possess an exceptional clarity of
                  | mind. [Xom's grace]
 11058 | Lair:1   | Gained mutation: You are agile. (Dex +4, Str/Int -1) [Xom's
                  | grace]
 11163 | Lair:1   | XOM: confuse monster(s)
 11196 | Lair:1   | XOM: give mutations
 11196 | Lair:1   | Gained mutation: Your flesh is almost immune to the effects
                  | of heat. (rF+++) [Xom's grace]
 11280 | Lair:1   | XOM: scenery: summon butterflies
 11390 | Lair:1   | XOM: stat loss: -1 Dex (29/30)
 11397 | Lair:1   | Reached skill level 10 in Spellcasting
 11776 | Lair:1   | XOM: 2-stop teleportation journey
 11817 | Lair:1   | XOM: silly message
 11962 | Lair:1   | XOM: silly message
 12243 | Lair:1   | XOM: cloud trail
 12509 | Lair:2   | XOM: silly message
 12512 | Lair:2   | XOM: polymorph wolf -> polar bear
 12516 | Lair:2   | XOM: swap monsters
 12555 | Lair:2   | XOM: stat loss: -1 Int (19/20)
 12599 | Lair:2   | XOM: scenery: create altars
 12607 | Lair:2   | XOM: give mutations
 12607 | Lair:2   | Gained mutation: You have a pair of small antennae on your
                  | head. [Xom's grace]
 12607 | Lair:2   | Gained mutation: You have hidden genetic potential. [Xom's
                  | grace]
 12607 | Lair:2   | Gained mutation: You passively map a small area around you.
                  | [Xom's grace]
 12607 | Lair:2   | Gained mutation: Your mind is acute. (Int +4, Str/Dex -1)
                  | [Xom's grace]
 12999 | Lair:2   | XOM: swap monsters
 13005 | Lair:2   | Reached skill level 10 in Fighting
 13010 | Lair:2   | Reached XP level 13. HP: 84/96 MP: 0/0
 13010 | Lair:2   | Learned a level 5 spell: Yara's Violent Unravelling
 13019 | Lair:2   | XOM: summons 3 hostile shadow creatures
 13137 | Lair:2   | XOM: 5-stop teleportation journey
 13345 | Lair:2   | XOM: 4-stop teleportation journey
 13436 | Lair:2   | XOM: summons 3 hostile demons
 13743 | Lair:2   | XOM: summons 7 hostile demons
 13807 | Lair:2   | XOM: give mutation
 13807 | Lair:2   | Lost mutation: Your mind is acute. (Int +4, Str/Dex -1)
                  | [Xom's mischief]
 13890 | Lair:2   | XOM: summons 13 friendly demons
 13902 | Lair:2   | Reached skill level 11 in Dodging
 14221 | Lair:2   | XOM: cast spell 'Death Channel'
 14456 | Lair:3   | Found a staircase to the Shoals.
 14456 | Lair:3   | XOM: 1-stop teleportation journey
 14462 | Lair:3   | XOM: god gift: glowing morningstar {god gift}
 14537 | Lair:3   | XOM: 1-stop teleportation journey
 14707 | Lair:3   | XOM: give mutations
 14707 | Lair:3   | Lost mutation: You have a pair of small antennae on your
                  | head. [Xom's mischief]
 14707 | Lair:3   | Lost mutation: You are mostly covered in iridescent scales.
                  | (AC +4) [Xom's mischief]
 14812 | Lair:3   | XOM: give mutations
 14812 | Lair:3   | Lost mutation: You are agile. (Dex +4, Str/Int -1) [Xom's
                  | mischief]
 14812 | Lair:3   | Gained mutation: You are weak. (Str -2) [Xom's mischief]
 14812 | Lair:3   | Lost mutation: You are weak. (Str -2) [Xom's mischief]
 14812 | Lair:3   | Gained mutation: You occasionally lose the ability to read
                  | scrolls when taking damage. [Xom's mischief]
 14859 | Lair:3   | Lost mutation: Your flesh is almost immune to the effects
                  | of heat. (rF+++) [potion of mutation]
 14859 | Lair:3   | Lost mutation: You are partially covered in iridescent
                  | scales. (AC +2) [potion of mutation]
 14859 | Lair:3   | Lost mutation: You possess an exceptional clarity of mind.
                  | [potion of mutation]
 14859 | Lair:3   | Gained mutation: You have a pair of small horns on your
                  | head. [potion of mutation]
 14859 | Lair:3   | Gained mutation: You possess an exceptional clarity of
                  | mind. [potion of mutation]
 14860 | Lair:3   | Lost mutation: You have hidden genetic potential. [potion
                  | of mutation]
 14860 | Lair:3   | Lost mutation: You have a pair of small horns on your head.
                  | [potion of mutation]
 14860 | Lair:3   | Gained mutation: You are frail. (-10% HP) [potion of
                  | mutation]
 14956 | Lair:3   | Found a staircase to the Snake Pit.
 15056 | Lair:3   | XOM: enchant monster (good)
 15246 | Lair:3   | Reached skill level 1 in Maces & Flails
 15405 | Lair:3   | XOM: noise
 15412 | Lair:3   | XOM: polymorph death yak -> alligator
 15454 | Lair:3   | XOM: summons 6 hostile demons
 15619 | Lair:3   | XOM: cleaving
 15628 | Lair:3   | Noticed an emperor scorpion
 15628 | Lair:3   | a death yak changed into an emperor scorpion
 15628 | Lair:3   | XOM: polymorph death yak -> emperor scorpion
 15631 | Lair:3   | Noticed a dire elephant
 15631 | Lair:3   | an emperor scorpion changed into a dire elephant
 15631 | Lair:3   | XOM: polymorph emperor scorpion -> dire elephant
 15635 | Lair:3   | XOM: cleaving
 15636 | Lair:3   | XOM: destruction
 15643 | Lair:3   | XOM: summons friendly chaos spawn
 15657 | Lair:3   | XOM: divination: detect creatures
 15670 | Lair:3   | Noticed a fenstrider witch
 15670 | Lair:3   | a dire elephant changed into a fenstrider witch
 15670 | Lair:3   | XOM: polymorph dire elephant -> fenstrider witch
 15676 | Lair:3   | XOM: summons friendly ufetubus
 15681 | Lair:3   | XOM: confuse monster(s)
 15682 | Lair:3   | XOM: give mutations
 15682 | Lair:3   | Gained mutation: Potions are less effective at restoring
                  | your health. [Xom's mischief]
 15682 | Lair:3   | Gained mutation: You are weak. (Str -2) [Xom's mischief]
 15682 | Lair:3   | Gained mutation: You are partially covered in iridescent
                  | scales. (AC +2) [Xom's mischief]
 15682 | Lair:3   | Gained mutation: You occasionally lose the ability to drink
                  | potions when taking damage. [Xom's mischief]
 15684 | Lair:3   | XOM: swap monsters
 15685 | Lair:3   | XOM: enchant monster (bad)
 15687 | Lair:3   | XOM: polymorph death yak -> glowing shapeshifter
 15688 | Lair:3   | XOM: summons 3 hostile demons
 15696 | Lair:3   | XOM: summons friendly shadow imp
 15703 | Lair:3   | XOM: summons 2 friendly demons
 15723 | Lair:3   | XOM: polymorph iron imp -> white imp
 15788 | Lair:3   | XOM: give mutation
 15788 | Lair:3   | Lost mutation: Potions are less effective at restoring your
                  | health. [Xom's mischief]
 15946 | Lair:3   | XOM: silly message
 15951 | Lair:3   | XOM: torment (46/89 hp)
 16343 | Lair:4   | XOM: divination: detect items
 16345 | Lair:4   | XOM: swap monsters
 16346 | Lair:4   | XOM: confuse monster(s)
 16350 | Lair:4   | XOM: god gift: 61 gold pieces
 16359 | Lair:4   | Noticed a boulder beetle
 16363 | Lair:4   | XOM: summons 3 friendly demons
 16365 | Lair:4   | XOM: snakes to sticks
 16366 | Lair:4   | XOM: polymorph quasit -> lemure
 16379 | Lair:4   | Reached skill level 5 in Maces & Flails
 16392 | Lair:4   | XOM: confuse monster(s)
 16544 | Lair:4   | Noticed a catoblepas
 16544 | Lair:4   | XOM: 1-stop teleportation journey
 16556 | Lair:4   | XOM: fog
 16569 | Lair:4   | Killed a catoblepas
 16570 | Lair:4   | Reached XP level 14. HP: 27/94 MP: 0/0
 16574 | Lair:4   | XOM: destruction
 17318 | Lair:4   | Identified a scroll of acquirement
 17318 | Lair:4   | Acquired the +1 pair of gloves of the Poles {rElec rC+
                  | Stlth+}
 17473 | Lair:4   | XOM: give mutations
 17473 | Lair:4   | Gained mutation: You are mostly covered in iridescent
                  | scales. (AC +4) [Xom's grace]
 17473 | Lair:4   | Gained mutation: You have hidden genetic potential. [Xom's
                  | grace]
 17473 | Lair:4   | Lost mutation: You are weak. (Str -2) [Xom's grace]
 17673 | Lair:4   | XOM: scenery: 1 doors open
 17679 | Lair:4   | XOM: summons friendly white imp
 17699 | Lair:4   | XOM: confuse monster(s)
 18066 | Lair:5   | Entered Level 5 of the Lair of Beasts
 18068 | Lair:5   | XOM: summons friendly iron imp
 18069 | Lair:5   | XOM: snakes to sticks
 18076 | Lair:5   | XOM: swap monsters
 18091 | Lair:5   | XOM: noise
 18096 | Lair:5   | XOM: cast spell 'Summon Ice Beast'
 18115 | Lair:5   | XOM: noise
 18123 | Lair:5   | XOM: swap monsters
 18139 | Lair:5   | XOM: give mutations
 18139 | Lair:5   | Lost mutation: You are mostly covered in iridescent scales.
                  | (AC +4) [Xom's mischief]
 18139 | Lair:5   | Gained mutation: You are very frail. (-20% HP) [Xom's
                  | mischief]
 18139 | Lair:5   | Gained mutation: You are clumsy. (Dex -2) [Xom's mischief]
 18142 | Lair:5   | Reached skill level 10 in Maces & Flails
 18146 | Lair:5   | XOM: chaos cloud
 18149 | Lair:5   | HP: 4/84 [black mamba (11)]
 18150 | Lair:5   | XOM: summons friendly shadow imp
 18161 | Lair:5   | Found a runed translucent door.
 18338 | Lair:5   | XOM: fake destruction
 18343 | Lair:5   | Reached skill level 12 in Dodging
 18349 | Lair:5   | XOM: enchant monster (good)
 18425 | Lair:5   | XOM: confuse monster(s)
 18479 | Lair:5   | Found a runed translucent door.
 18482 | Lair:5   | Noticed an acid blob
 18483 | Lair:5   | Found a staircase to the Slime Pits.
 18483 | Lair:5   | Noticed an acid blob
 18483 | Lair:5   | Noticed an acid blob
 18484 | Lair:5   | Noticed an acid blob
 18497 | Lair:5   | Found a dark tunnel.
 18497 | Lair:5   | XOM: 1-stop teleportation journey
 18501 | Lair:5   | XOM: destruction
 18514 | Volcano  | Entered a volcano
 18579 | Volcano  | XOM: give mutations
 18579 | Volcano  | Lost mutation: You occasionally lose the ability to drink
                  | potions when taking damage. [Xom's mischief]
 18579 | Volcano  | Lost mutation: You are clumsy. (Dex -2) [Xom's mischief]
 18705 | Volcano  | Reached skill level 13 in Dodging
 19028 | Volcano  | Found a burning altar of Makhleb.
 19039 | Volcano  | XOM: summons friendly ufetubus
 19061 | Volcano  | Reached XP level 15. HP: 85/88 MP: 0/0
 19061 | Volcano  | Learned a level 6 spell: Simulacrum
 19144 | Volcano  | XOM: 1-stop teleportation journey
 19170 | Volcano  | XOM: stat loss: -1 Str (10/11)
 19502 | Volcano  | XOM: blink monster(s)
 19541 | Lair:5   | XOM: give mutations
 19541 | Lair:5   | Gained mutation: Your body sometimes deteriorates upon
                  | taking damage. [Xom's mischief]
 19541 | Lair:5   | Gained mutation: You are clumsy. (Dex -2) [Xom's mischief]
 19545 | Lair:5   | XOM: destruction
 19554 | Lair:5   | XOM: summons 9 friendly demons
 19557 | Lair:5   | XOM: destruction
 19558 | Lair:5   | XOM: noise
 19562 | Lair:5   | XOM: blink monster(s)
 19569 | Lair:5   | XOM: enchant monster (bad)
 19571 | Lair:5   | XOM: cast spell 'Summon Horrible Things'
 19576 | Lair:5   | Killed a fenstrider witch
 19577 | Lair:5   | Reached skill level 14 in Dodging
 19586 | Lair:5   | Gained mutation: You are strong-willed. (Will+) [hidden
                  | potential]
 19617 | Lair:5   | XOM: summons 1 hostile shadow creature
 19835 | Lair:4   | XOM: give mutations
 19835 | Lair:4   | Lost mutation: You passively map a small area around you.
                  | [Xom's mischief]
 19835 | Lair:4   | Lost mutation: You are very frail. (-20% HP) [Xom's
                  | mischief]
 19835 | Lair:4   | Lost mutation: You are strong-willed. (Will+) [Xom's
                  | mischief]
 19835 | Lair:4   | Gained mutation: You occasionally lose the ability to drink
                  | potions when taking damage. [Xom's mischief]
 19842 | Lair:4   | XOM: give mutations
 19842 | Lair:4   | Lost mutation: You occasionally lose the ability to read
                  | scrolls when taking damage. [Xom's mischief]
 19842 | Lair:4   | Gained mutation: You occasionally lose the ability to read
                  | scrolls when taking damage. [Xom's mischief]
 19842 | Lair:4   | Gained mutation: You sometimes lose the ability to drink
                  | potions when taking damage. [Xom's mischief]
 19842 | Lair:4   | Gained mutation: You have a pair of small antennae on your
                  | head. [Xom's mischief]
 20109 | Lair:5   | XOM: god gift: chain mail {god gift}
 20115 | Lair:5   | XOM: fake destruction
 20117 | Lair:5   | XOM: confuse monster(s)
 20215 | Lair:5   | Reached skill level 15 in Dodging
 20515 | Lair:5   | XOM: silly message
 20530 | Lair:5   | XOM: cast spell 'Summon Small Mammal'
 20536 | Lair:5   | XOM: noise
 20565 | Lair:5   | XOM: silly message
 20780 | Lair:5   | XOM: stat loss: -1 Str (10/11)
 20787 | Lair:5   | XOM: polymorph torpor snail -> steelbarb worm
 20789 | Lair:5   | XOM: swap monsters
 20887 | Lair:5   | XOM: polymorph tyrant leech -> entropy weaver
 21083 | Lair:5   | XOM: give mutations
 21083 | Lair:5   | Lost mutation: You have a somewhat thin skeletal structure.
                  | (Dex +2, Stealth+) [Xom's mischief]
 21083 | Lair:5   | Lost mutation: Your body sometimes deteriorates upon taking
                  | damage. [Xom's mischief]
 21083 | Lair:5   | Lost mutation: You are partially covered in iridescent
                  | scales. (AC +2) [Xom's mischief]
 21524 | Lair:5   | XOM: give mutation
 21524 | Lair:5   | Gained mutation: You are occasionally teleported next to
                  | monsters. [Xom's mischief]
 21591 | Lair:5   | XOM: stat loss: -1 Int (22/23)
 21839 | Lair:2   | XOM: divination: detect items
 21989 | D:3      | Fell from the grace of Xom
 21989 | D:3      | Became a worshipper of Zin the Law-Giver
 21989 | D:3      | Reached * piety under Zin
 21989 | D:3      | Reached ** piety under Zin
 21989 | D:3      | Reached *** piety under Zin
 22410 | D:11     | Reached skill level 1 in Invocations
 22467 | D:11     | XOM: swap monsters
 22856 | D:11     | Identified the +2 pair of gloves of Foicwouf {rPois rF-
                  | SInv}
 23336 | Orc:1    | Entered Level 1 of the Orcish Mines
 23358 | Orc:1    | Was placed under penance by Zin
 23363 | Orc:1    | Fell from the grace of Zin
 23364 | Orc:1    | Noticed Erolcha
 23384 | Orc:1    | Annihilated by Erolcha

Illustrated notes

Levels and vault maps discovered:
D:1:      heliophobic_arrival_battle_scene, layout_loops_cross, minivault_25
D:2:      layout_basic, shapermc_ecumenical_altar_notcrosses, st_stairs_13,
          uniq_crazy_yiuf_cottage
D:3:      layout_basic, mainiacjoe_overflow_catwalk, bloody_makhleb
D:4:      layout_loops_ring, nicolae_overflow_squiral, gammafunk_ghost_grave,
          hangedman_decor_peaks_small
D:5:      layout_loops_corners, minmay_temple_entry_waves, st_stairs_10,
          minmay_misc_feat_roman, uniq_prince_ribbit1, uniq_menkaure,
          uniq_edmund
D:6:      layout_rooms, kennysheep_little_box, grunt_gozag_breadcrumbs,
          mainiacjoe_overflow_brackets, minmay_unpleasant_kobolds, uniq_maggie
D:7:      cheibrodos_statue_roulette, layout_basic, uniq_duvessa
D:8:      layout_basic, nicolae_qazlal_eye_of_the_storm,
          erik_lair_orcish_takeover, eino_tiny_chamber
D:9:      layout_loops_ring, mainiacjoe_overflow_surrounded_room,
          hiddenorc2_lemuel, serial_shops, nicolae_shop_statue_plus,
          uniq_amaemon
D:10:     layout_basic, lightli_bailey_entry_fortress, st_stairs_13, uniq_grum
D:11:     layout_basic
Lair:1:   dpeg_oklob_gauntlet, layout_layer_cave, special_room
          [special_room_bee], beast_lair_carwin_11, uniq_gastronok
Lair:2:   layout_gridlike, serial_forest, infiniplex_forest_end_double,
          infiniplex_forest_straight_3, infiniplex_forest_clump_curved,
          infiniplex_forest_end_double, grunt_megastairs_3
Lair:3:   layout_chaotic_city, minmay_shoals_entry_beasts,
          guppyfry_snake_entry_island, grunt_megastairs_5
Lair:4:   layout_roguey, grunt_megastairs_1
Lair:5:   wormcave, layout_hall_layers, hangedman_lair_tendril_chambers,
          slime_entry_2, nicolae_volcano_entry_s_turn, st_stairs_12
Orc:1:    layout_caves, uniq_erolcha

Skill      XL: |  1  2  3  4  5  6  7  8  9 10 11 12 13 14 15 |
---------------+----------------------------------------------+-----
Fighting       | 5 7 9 10 11 | 11.2
Long Blades    | 4 |  4.7
Armour         | 4 |  4.9
Dodging        | 5 7 10 11 13 15 | 15.1
Spellcasting   | 2 4 6 8 9 11 12 | 12.4
Maces & Flails | 6 10 | 10.1
Invocations    | 3 |  3.4

Action                   |  1- 3 |  4- 6 |  7- 9 | 10-12 | 13-15 || total
-------------------------+-------+-------+-------+-------+-------++-------
Melee: Falchion          |    52 |       |       |       |       ||    52
       Whip              |       |    85 |       |       |       ||    85
       Quarterstaff      |       |    66 |    90 |   106 |       ||   262
       Great mace        |       |       |       |   129 |   452 ||   581
       Eveningstar       |       |       |       |       |    41 ||    41
 Cast: Shock             |     6 |    19 |       |       |       ||    25
       Scorch            |       |       |    76 |   128 |    44 ||   248
       Swiftness         |       |       |     1 |       |       ||     1
       Summon Lightning  |       |       |       |    52 |    90 ||   142
       Yara's Violent Un |       |       |       |       |    16 ||    16
       Blink             |       |       |       |       |    19 ||    19
       Simulacrum        |       |       |       |       |    19 ||    19
Invok: Recite            |       |       |       |       |     2 ||     2
       Imprison          |       |       |       |       |     1 ||     1
Evoke: Box of beasts     |       |       |       |     1 |     1 ||     2
       Wand              |       |       |       |       |     4 ||     4
       Condenser vane    |       |       |       |       |     1 ||     1
  Use: Scroll            |       |     6 |     2 |     8 |    19 ||    35
       Potion            |       |       |     1 |     1 |     9 ||    11
 Stab: Sleeping          |       |     1 |       |       |     4 ||     5
       Distracted        |       |       |       |     2 |    29 ||    31
       Confused          |       |       |       |       |     4 ||     4
       Invisible         |       |       |       |       |     1 ||     1
Armor: Leather armour    |    15 |    60 |    53 |       |       ||   128
       Acid dragon scale |       |       |       |   158 |   156 ||   314
       Skin              |       |       |       |     8 |       ||     8
Dodge: Dodged            |    37 |   107 |   102 |   451 |   836 ||  1533
Block: Buckler           |       |    15 |       |       |       ||    15

Table legend: (Time is in decaauts)
 A = Elapsed time spent in this place.
 B = Non-inter-level travel time spent in this place.
 C = Inter-level travel time spent in this place.
 D = Time resting spent in this place.
 E = Time spent auto-exploring this place.
 F = Levels seen in this place.
 G = Mean time per level.
                   A        B        C        D        E       F      G
               +--------+--------+--------+--------+--------+-----+--------+
         Total |  23747 |  22842 |    905 |   5418 |  12001 |  19 | 1249.8 |
       Dungeon |  11968 |  11271 |    697 |   1974 |   6971 |  11 | 1088.0 |
          Lair |  10095 |   9888 |    207 |   2464 |   4957 |   5 | 2019.0 |
  Orcish Mines |     47 |     47 |      0 |      0 |      0 |   1 |   47.0 |
        Bailey |    610 |    610 |      0 |    374 |     73 |   1 |  610.0 |
       Volcano |   1025 |   1025 |      0 |    606 |      0 |   1 | 1025.0 |
               +--------+--------+--------+--------+--------+-----+--------+

Top non-repeatable levels by time:
  Lair:5: 2457 daAuts
  Lair:3: 2263 daAuts
     D:5: 2037 daAuts
  Lair:4: 2003 daAuts
  Lair:1: 1793 daAuts
  Lair:2: 1577 daAuts
    D:10: 1443 daAuts
     D:7: 1268 daAuts
    D:11: 1098 daAuts
     D:9: 1079 daAuts
 Volcano: 1025 daAuts
     D:6: 996 daAuts
     D:4: 951 daAuts
     D:1: 927 daAuts
     D:3: 878 daAuts

Table legend:
 A = Kills in this place as a percentage of kills in entire the game.
 B = Kills by you in this place as a percentage of kills by you in the entire game.
 C = Kills by friends in this place as a percentage of kills by friends in the entire game.
 D = Other kills in this place as a percentage of other kills in the entire game.
 E = Experience gained in this place as a percentage of experience gained in the entire game.
 F = Experience gained in this place divided by the number of levels of this place that you have seen.
                   A       B       C       D       E      F
               +-------+-------+-------+-------+-------+----------------------
         Total | 100.0 | 100.0 | 100.0 | 100.0 | 100.0 | 5641.7
       Dungeon |  47.5 |  53.2 |  38.5 |  12.5 |  16.9 | 1649.2
          Lair |  42.6 |  37.4 |  50.5 |  87.5 |  75.7 | 16229.8
  Orcish Mines |   2.9 |   3.4 |   1.9 |   0.0 |   2.5 | 2696.0
        Bailey |   4.2 |   3.7 |   5.3 |   0.0 |   1.0 | 1100.0
       Volcano |   2.9 |   2.4 |   3.8 |   0.0 |   3.8 | 4107.0
               +-------+-------+-------+-------+-------+----------------------
